Map: Black Site 2E

Players

Metasapien - Winner!

  • Race: Zerg Zerg
  • League: Gold
  • Spawn Location: 3:00

bestiger - Winner!

  • Race: Terran Terran
  • League: Platinum
  • Spawn Location: 6:00

twomonkees - Winner!

  • Race: Protoss Protoss
  • Spawn Location: 5:00

DoctorWho

  • Race: Terran Terran
  • Spawn Location: 12:00

Mondo

  • Race: Zerg Zerg
  • Spawn Location: 11:00

WeaponX

  • Race: Zerg Zerg
  • Spawn Location: 9:00

VOD

Have the link to the VOD?

Description

Time

  • Played on: Aug. 20, 2017, 8:04 p.m.
  • Length: 23:34
Show
View Real Time Build Order
Export as new Build Order

Metasapien Zerg - Winner!

Build Orders: Pool First 

Get SALT Encoding   

  12  0:45  Drone  
  13  0:53  Spawning Pool, Drone  
  13  0:55  Hatchery  
  13  0:56  Extractor  
  11  1:01  Drone  
  12  1:08  Drone  
  13  1:18  Overlord  
  13  1:21  Drone  
  14  2:53  Drone x3  
  14  2:55  Drone  
  14  2:56  Drone x2  
  14  2:57  Queen  
  22  3:00  Queen  
  24  3:06  Drone  
  24  3:09  Extractor  
  24  3:16  Drone x2  
  24  3:19  Overlord  
  26  3:26  Drone  
  27  3:29  Extractor  
  27  3:31  Drone  
  27  3:42  Drone x2  
  27  3:45  Lair  
  29  3:49  Drone  
  29  3:50  Drone  
  29  3:52  Extractor  
  30  4:00  Drone  
  30  4:01  Drone  
  32  4:14  Drone x3  
  32  4:15  Overlord  
  32  4:16  Overlord  
  35  4:20  Hatchery  
  35  4:23  Drone x2  
  33  4:38  Spine Crawler  
  24  4:39  Spine Crawler x2  
  24  4:43  Spine Crawler  
  21  4:53  Zergling x4  
  21  4:54  Zergling x2  
  21  4:59  Zergling x2  
  25  5:12  Drone  
  26  5:40  Hatchery  
  26  5:42  Drone x3  
  28  5:55  Drone x3  
  31  6:01  Drone  
  32  6:07  Drone  
  32  6:08  Drone  
  34  6:26  Drone  
  34  6:27  Drone  
  34  6:28  Queen  
  38  6:35  Drone x2  
  38  6:38  Extractor  
  38  6:39  Extractor  
  38  6:41  Drone  
  38  6:44  Hydralisk Den  
  38  6:52  Queen  
  38  6:53  Drone  
  41  6:56  Drone  
  41  6:58  Drone  
  41  7:00  Drone  
  44  7:08  Drone x2  
  46  7:17  Drone x3  
  46  7:18  Drone x2  
  51  7:30  Overseer  
  51  7:36  Drone x4  
  51  7:37  Drone x3  
  58  8:02  Overlord x2  
  58  8:03  Overlord  
  58  8:20  Muscular Augments  
  58  8:23  Evolution Chamber  
  58  8:26  Drone  
  58  8:27  Drone x2  
  59  8:30  Evolution Chamber  
  59  8:31  Overlord x3  
  59  8:33  Drone x2  
  61  8:43  Spire  
  60  8:50  Hydralisk  
  60  8:51  Hydralisk x8  
  60  8:54  Overlord  
  78  8:58  Zerg Missile Weapons Level 1  
  78  9:01  Zerg Ground Armor Level 1  
  78  9:15  Drone  
  78  9:16  Drone x4  
  73  9:39  Hydralisk  
  73  9:40  Hydralisk x11  
  97  9:50  Drone  
  98  9:55  Drone  
  99  10:06  Queen x2  
  103  10:08  Pneumatized Carapace  
  103  10:33  Nydus Network  
  103  10:35  Drone  
  103  10:36  Drone  
  103  10:40  Hatchery  
  91  10:53  Zerg Missile Weapons Level 2  
  71  11:04  Corruptor x2  
  71  11:05  Corruptor x2  
  71  11:06  Hydralisk x3  
  71  11:07  Hydralisk x6  
  71  11:08  Hydralisk x2  
  71  11:10  Overlord  
  99  11:14  Zerg Ground Armor Level 2  
  99  11:22  Hydralisk x3  
  99  11:24  Overlord  
  105  11:27  Overlord  
  105  11:34  Hydralisk x2  
  105  11:35  Hydralisk  
  111  11:44  Drone  
  111  11:45  Drone x6  
  118  12:11  Hydralisk x3, Corruptor x2  
  118  12:13  Hydralisk, Corruptor x2  
  118  12:14  Hydralisk  
  136  12:32  Overlord x5  
  124  12:56  Hydralisk x11  
  124  12:57  Hydralisk  
  124  12:58  Queen  
  148  13:15  Infestation Pit  
  148  13:18  Zerg Flyer Weapons Level 1  
  117  14:05  Drone x3  
  117  14:06  Drone x3  
  117  14:07  Hydralisk x9  
  117  14:08  Hydralisk x9  
  159  14:16  Queen  
  161  14:29  Nydus Canal  
  161  14:32  Drone x2  
  161  14:33  Drone x2  
  165  14:48  Hydralisk x2  
  165  14:49  Hydralisk x3  
  175  14:53  Hive  
  175  15:23  Extractor  
  175  15:25  Extractor  
  173  15:44  Overlord x2  
  173  15:45  Overlord x2  
  173  15:50  Overlord x2  
  173  16:24  Zerg Missile Weapons Level 3, Zerg Ground Armor Level 3  
  173  16:33  Hydralisk  
  173  16:34  Hydralisk x12  
  165  17:05  Hydralisk x5  
  165  17:06  Hydralisk x9  
  165  17:07  Hydralisk x7  
  173  17:19  Hydralisk x4  
  151  17:42  Drone x2  
  153  17:45  Hydralisk x6  
  165  17:53  Hydralisk x2  
  169  18:13  Hatchery  
  169  18:16  Hatchery  
  167  18:20  Corruptor x2  
  167  18:21  Corruptor  
  167  18:22  Hydralisk x6  
  167  18:23  Hydralisk x2  
  167  18:25  Overseer x2  
  189  18:27  Overseer  
  189  18:28  Overseer  
  179  18:49  Nydus Canal  
  179  18:56  Hydralisk  
  179  18:57  Hydralisk x9  
  129  19:36  Hydralisk x5  
  129  19:37  Hydralisk x10  
  127  19:48  Hydralisk  
  127  19:59  Hydralisk x2  
  131  20:00  Corruptor x5  
  141  20:15  Overlord x3  
  141  20:16  Overlord x2  
  141  20:29  Hydralisk  
  141  20:30  Hydralisk x5  
  145  21:00  Hatchery  
  142  21:25  Nydus Canal  
  142  21:55  Hatchery  
  141  22:14  Drone  
  142  22:50  Extractor  
  141  22:52  Extractor  
  141  22:56  Drone x3  
  143  23:22  Spore Crawler  
  143  23:25  Nydus Canal  
Show
View Real Time Build Order
Export as new Build Order

bestiger Terran - Winner!

Build Orders: MMM Bio 

Get SALT Encoding   

  12  0:07  SCV  
  13  0:19  SCV  
  14  0:30  Supply Depot  
  14  0:31  SCV  
  15  0:39  Supply Depot  
  15  0:52  Barracks  
  15  0:56  SCV  
  16  1:02  Barracks  
  16  1:17  Barracks  
  16  1:19  SCV  
  17  1:31  SCV  
  18  1:50  Marine  
  19  1:58  Command Center  
  19  2:02  Marine  
  19  2:07  Refinery  
  19  2:08  Marine  
  21  2:11  Marine  
  21  2:15  SCV  
  23  2:21  Refinery  
  23  2:25  Marine  
  24  2:37  SCV, Engineering Bay  
  24  2:41  Marine  
  24  2:43  Marine  
  27  2:49  SCV  
  28  2:51  Marine  
  29  3:02  Orbital Command  
  29  3:13  Orbital Command  
  29  3:30  Barracks Tech Lab  
  29  3:40  Missile Turret  
  29  3:41  Missile Turret  
  29  3:42  SCV  
  30  3:53  Factory  
  30  3:55  Missile Turret  
  30  3:56  SCV  
  30  3:58  Marine x2  
  30  3:59  Marine  
  30  4:01  SCV  
  35  4:08  Refinery  
  35  4:13  SCV x2, Refinery  
  37  4:20  Marine  
  37  4:21  Marine  
  37  4:22  Combat Shields  
  39  4:24  Marine  
  39  4:25  SCV  
  41  4:37  SCV  
  42  4:43  Marine x2, Marauder  
  46  4:52  Supply Depot, Factory Tech Lab  
  46  4:53  Supply Depot  
  46  4:55  Terran Infantry Weapons Level 1  
  44  5:21  Marine x2, Marauder  
  47  5:25  Siege Tank  
  51  5:37  SCV  
  52  5:48  Marine x2, Marauder  
  52  5:49  SCV  
  57  5:50  Concussive Shells  
  57  5:56  SCV  
  58  5:58  Command Center  
  58  6:01  SCV  
  59  6:06  Supply Depot  
  59  6:08  Supply Depot  
  62  6:11  Siege Tank  
  62  6:24  Missile Turret  
  62  6:26  Missile Turret  
  62  6:28  SCV x2  
  64  6:34  Stimpack  
  64  6:39  Barracks  
  64  6:41  Barracks  
  64  6:45  Barracks  
  64  6:48  Barracks  
  64  7:02  SCV  
  65  7:11  Marine x2, Marauder  
  65  7:14  Siege Tank, SCV  
  73  7:16  Terran Infantry Armor Level 1  
  73  7:25  Barracks  
  73  7:26  SCV  
  74  7:31  Barracks x2  
  74  7:35  Orbital Command  
  74  7:37  Barracks  
  74  7:38  SCV  
  74  7:42  Barracks Tech Lab, Barracks Reactor  
  74  7:43  Barracks Reactor  
  75  7:45  Barracks Reactor  
  75  7:50  SCV  
  76  7:52  Armory  
  76  7:59  Supply Depot  
  76  8:02  SCV, Supply Depot x2  
  77  8:12  Marine x3, Marauder x2  
  82  8:14  SCV  
  85  8:24  Siege Tank, Supply Depot  
  85  8:26  Supply Depot  
  88  8:30  Supply Depot  
  88  8:32  Missile Turret  
  88  8:34  Missile Turret  
  88  8:35  Barracks Reactor, Marauder  
  88  8:36  Barracks Tech Lab, Barracks Reactor  
  88  8:40  SCV  
  91  8:47  Marine x2  
  91  8:48  Marine x4  
  96  8:49  Marine x2, Marauder  
  96  8:52  SCV  
  102  9:04  SCV  
  102  9:05  Engineering Bay  
  102  9:06  Terran Vehicle Weapons Level 1  
  102  9:07  Marine x2  
  102  9:08  Marine x2, Marauder x2  
  111  9:10  Marauder  
  72  9:55  Marine x4  
  72  9:56  Marine x4, Marauder x3  
  72  9:57  Marine  
  87  10:07  Marine x4  
  87  10:13  Marine x3  
  94  10:18  Marauder x3  
  90  10:32  Marine x4  
  90  10:33  Marine x5  
  90  10:34  Marine x4  
  101  10:39  Marauder x3  
  107  10:50  Marine x2  
  109  11:00  Marauder x2  
  109  11:01  Marauder  
  102  11:16  Marine x3  
  102  11:17  Marine  
  106  11:22  Marauder  
  108  11:30  Marine x3  
  108  11:31  Marine x3, Marauder  
  108  11:32  Marine, Marauder  
  119  11:35  Siege Tank  
  119  11:36  Terran Infantry Weapons Level 2  
  119  11:38  Terran Infantry Armor Level 2  
  122  11:43  Marauder  
  124  11:50  Marine x2  
  124  11:51  Marine  
  124  11:53  Marauder x2  
  131  12:01  Refinery  
  131  12:02  Refinery  
  131  12:07  Siege Tank  
  95  12:34  Marine x4  
  95  12:35  Marauder  
  76  12:42  Marine x4  
  76  12:43  Marine, Marauder x2  
  73  12:47  Marine  
  73  12:50  Marine x3  
  75  12:51  Marine x2  
  75  12:52  Marine  
  75  12:56  Marauder  
  80  13:04  Marauder  
  80  13:05  Marauder  
  84  13:18  Marauder  
  86  13:25  Marine x7  
  86  13:26  Marine x4, Marauder  
  101  13:27  Marauder  
  97  13:44  Marine, Marauder  
  97  13:45  Marine x5  
  97  13:46  Marine  
  97  13:48  Marauder x2  
  110  13:49  Siege Tank  
  110  13:52  Terran Vehicle Weapons Level 2  
  113  14:06  Marauder  
  113  14:08  Marine x6  
  113  14:09  Marine x3, Marauder  
  127  14:10  Marine, Marauder  
  129  14:21  Siege Tank  
  132  14:27  Marine x3, Marauder  
  132  14:30  Marauder  
  141  14:31  Marauder  
  141  14:39  Terran Infantry Weapons Level 3  
  141  14:41  Terran Infantry Armor Level 3  
  141  14:46  Supply Depot  
  141  14:48  Supply Depot  
  141  15:07  Marine x6  
  141  15:08  Marauder  
  141  15:09  Marine x4, Supply Depot  
  141  15:10  Marauder x2  
  157  15:30  Marine x6  
  157  15:31  Marauder  
  165  16:03  Marine x6  
  165  16:04  Marine x3, Marauder  
  165  16:05  Marine  
  165  16:32  Marine x3  
  165  16:33  Marine x7  
  165  16:34  Marauder x3  
  85  16:55  Marine x2, Marauder x3  
  85  16:56  Marine x4  
  85  16:57  Marine x2  
  99  17:06  Siege Tank  
  101  17:16  Marauder  
  101  17:17  Marauder x2  
  107  17:38  Marauder x3  
  113  17:53  Orbital Command  
  113  17:59  Marauder x3  
  119  18:06  Marine x2  
  121  18:19  Marine x2  
  122  18:20  Marine x2  
  122  18:21  Marauder x2  
  129  18:32  Marine x4  
  129  18:33  Marine x2, Marauder  
  137  18:55  Terran Vehicle Weapons Level 3  
  137  18:56  Marine x3  
  137  18:58  Marine x4  
  137  18:59  Marauder  
  146  19:06  Marine x5  
  146  19:07  Marine, Marauder x2  
  156  19:14  Marine x3  
  156  19:16  Marine x2  
  161  19:37  Marine  
  161  19:38  Marine x3  
  165  20:01  Orbital Command  
  165  20:22  Orbital Command  
  165  20:36  Orbital Command  
  165  21:09  Supply Depot x2  
  165  21:10  Supply Depot  
  165  21:11  Supply Depot  
  165  21:30  Marine x4  
  165  21:31  Marauder x3  
  175  21:35  Supply Depot  
  175  21:52  Marauder x2  
  148  22:15  Marine x2  
  142  22:16  Marine x5  
  130  22:55  Marine x2  
  130  22:56  Marine x13  
  130  22:57  Marauder  
Show
View Real Time Build Order
Export as new Build Order

twomonkees Protoss - Winner!

Build Orders:  

Get SALT Encoding   

  12  0:01  Probe (Chrono Boost)  
  13  0:11  Probe (Chrono Boost)  
  14  0:18  Pylon  
  14  0:24  Probe (Chrono Boost)  
  15  0:36  Probe (Chrono Boost)  
  15  0:41  Gateway  
  16  0:47  Probe (Chrono Boost)  
  16  0:49  Assimilator  
  17  0:57  Probe (Chrono Boost)  
  18  1:08  Pylon  
  18  1:09  Probe (Chrono Boost)  
  19  1:20  Probe (Chrono Boost)  
  20  1:28  Cybernetics Core  
  20  1:30  Probe (Chrono Boost)  
  21  1:41  Probe (Chrono Boost)  
  22  1:51  Probe (Chrono Boost)  
  23  2:02  Probe (Chrono Boost)  
  23  2:06  Warp Gate (Chrono Boost), Nexus  
  24  2:11  Sentry  
  26  2:21  Probe  
  27  2:26  Assimilator  
  27  2:34  Probe  
  28  2:38  Stalker  
  28  2:42  Pylon  
  30  2:44  Gateway  
  30  2:51  Probe  
  30  3:03  Probe  
  31  3:09  Gateway  
  31  3:13  Gateway  
  31  3:15  Probe  
  32  3:28  Mothership Core  
  34  3:38  Pylon  
  34  3:44  Assimilator  
  34  3:46  Probe  
  35  3:48  Assimilator  
  35  3:49  Probe  
  36  4:01  Stalker x2  
  40  4:11  Robotics Facility, Pylon  
  40  4:16  Zealot, Stalker  
  44  4:20  Probe  
  44  4:21  Probe  
  46  4:30  Zealot x2  
  50  4:43  Stalker  
  52  5:12  Probe  
  52  5:13  Probe  
  54  5:15  Observer (Chrono Boost)  
  55  5:22  Probe  
  55  5:24  Forge  
  55  5:25  Forge  
  55  5:27  Pylon  
  56  5:30  Probe  
  56  5:33  Probe  
  58  5:36  Sentry x2  
  58  5:39  Stalker x2  
  66  6:01  Probe, Protoss Ground Weapons Level 1 (Chrono Boost)  
  66  6:02  Nexus, Probe  
  66  6:03  Protoss Ground Armor Level 1 (Chrono Boost)  
  68  6:22  Twilight Council  
  68  6:27  Photon Cannon  
  68  6:34  Pylon  
  68  6:46  Probe  
  69  6:47  Probe  
  69  6:50  Immortal  
  74  6:58  Probe  
  75  7:05  Probe  
  75  7:08  Charge (Chrono Boost)  
  76  7:10  Probe  
  77  7:20  Probe x2  
  79  7:23  Robotics Bay  
  79  7:27  Pylon  
  79  7:31  Protoss Ground Armor Level 2, Protoss Ground Weapons Level 2  
  79  7:32  Assimilator  
  79  7:36  Dark Shrine  
  79  7:44  Stalker x2  
  79  7:45  Zealot  
  79  7:46  Zealot  
  87  7:53  Immortal  
  91  8:04  Probe x2  
  93  8:14  Assimilator  
  93  8:16  Probe  
  94  8:29  Pylon  
  94  8:32  Probe x2  
  96  8:35  Colossus  
  96  8:36  Extended Thermal Lance  
  102  8:42  Blink (Chrono Boost)  
  102  8:52  Dark Templar x4  
  110  8:58  Probe x3  
  113  9:12  Pylon  
  113  9:57  Stalker x4  
  121  10:08  Gateway  
  121  10:10  Gateway  
  121  10:14  Gateway  
  121  10:16  Gateway, Pylon  
  121  10:21  Pylon  
  98  10:41  Colossus (Chrono Boost)  
  98  10:56  Stalker x4  
  100  11:19  Protoss Ground Weapons Level 3 (Chrono Boost)  
  100  11:34  Colossus (Chrono Boost)  
  100  11:35  Observer Gravitic Boosters  
  106  11:44  Robotics Facility, Protoss Ground Armor Level 3 (Chrono Boost)  
  106  11:48  Gateway  
  106  11:49  Gateway  
  106  11:53  Gateway  
  106  11:54  Pylon  
  106  11:57  Pylon  
  98  12:29  Zealot x2  
  100  12:32  Zealot x5  
  100  12:35  Dark Templar  
  112  12:37  Colossus (Chrono Boost)  
  112  12:42  Observer (Chrono Boost)  
  119  13:05  Probe x3  
  122  13:17  Probe x2  
  124  13:20  Colossus, Pylon  
  124  13:22  Pylon  
  124  13:23  Pylon  
  124  13:26  Dark Templar x4  
  138  13:27  Dark Templar x5  
  138  13:28  Dark Templar  
  138  13:29  Dark Templar  
  138  13:30  Colossus  
  152  13:39  Photon Cannon  
  152  13:40  Photon Cannon  
  158  13:45  Photon Cannon  
  158  13:46  Gateway  
  154  14:02  Archon x4  
  152  14:04  Dark Templar  
  152  14:06  Zealot x2  
  152  14:07  Zealot x2  
  152  14:08  Zealot x4  
  170  14:41  Sentry x2  
  170  14:43  Sentry  
  176  14:50  Templar Archives  
  176  14:52  Pylon  
  176  14:55  Assimilator  
  176  14:58  Assimilator  
  176  15:02  Pylon  
  176  15:05  Pylon  
  176  15:13  Stalker x4  
  176  15:14  Stalker x2  
  188  15:43  Nexus  
  188  15:56  Dark Templar  
  188  15:57  Dark Templar x4  
  192  15:58  Dark Templar  
  186  16:54  Dark Templar x2  
  186  16:56  Dark Templar x5  
  186  16:57  Dark Templar x3  
  186  16:58  Dark Templar x2  
  93  17:41  Zealot x4  
  93  17:42  Zealot x6  
  93  17:43  Zealot x2  
  117  17:53  Mothership Core  
  119  18:16  Zealot  
  119  18:17  Zealot x8  
  119  18:18  Zealot x2  
  141  18:53  Colossus  
  137  18:56  Nexus  
  137  18:58  Protoss Shields Level 1 (Chrono Boost)  
  137  19:00  Colossus  
  115  19:35  Zealot x3  
  115  19:36  Zealot x5  
  115  19:37  Zealot x2  
  135  19:38  Zealot  
  135  19:39  Zealot  
  139  19:48  Pylon  
  139  19:51  Pylon  
  139  19:56  Psionic Storm  
  139  20:13  Photon Cannon  
  139  20:15  Photon Cannon  
  100  20:30  Zealot x4  
  94  20:49  Zealot x4  
  102  20:50  Zealot x8  
  118  21:01  Colossus  
  118  21:08  Colossus  
  130  21:38  Pylon  
  130  21:41  Pylon  
  130  21:45  Zealot x4  
  130  21:46  Dark Templar x3  
  144  21:47  Dark Templar x5  
  154  22:42  Stalker x2  
  154  22:43  Stalker  
  154  22:44  Stalker x4  
  162  22:45  Stalker x5  
  178  23:25  Dark Templar x3  
  178  23:26  Dark Templar x3  
Show
View Real Time Build Order
Export as new Build Order

DoctorWho Terran 

Build Orders:  

Get SALT Encoding   

  13  0:07  SCV  
  13  0:19  SCV  
  14  0:31  SCV  
  15  0:39  Supply Depot  
  15  0:50  Refinery  
  15  0:51  Refinery  
  15  1:00  SCV  
  15  1:02  Barracks  
  16  1:28  Barracks  
  16  1:35  Barracks  
  16  1:39  SCV  
  17  2:00  Supply Depot  
  17  2:05  Marine  
  18  2:11  SCV  
  19  2:16  Marine  
  20  2:23  Marine, SCV  
  20  2:28  Supply Depot  
  22  2:31  Marine  
  22  2:35  Marine  
  24  2:40  SCV  
  24  2:43  Marine  
  26  2:57  Supply Depot  
  26  2:59  SCV  
  26  3:00  Marine  
  26  3:03  Marine  
  29  3:06  Marine  
  29  3:11  SCV  
  31  3:18  Marine  
  32  3:22  Marine  
  32  3:23  SCV  
  34  3:33  Engineering Bay  
  34  4:12  Barracks Tech Lab  
  34  4:14  Orbital Command  
  34  4:16  Barracks Reactor  
  34  4:28  Command Center  
  34  4:41  Combat Shields  
  34  4:43  Marine  
  34  4:45  Barracks Reactor  
  34  4:57  SCV  
  28  5:04  Terran Infantry Weapons Level 1  
  28  5:05  Marine x2  
  28  5:06  Marine  
  31  5:13  Factory  
  31  5:15  SCV  
  31  5:16  Factory  
  32  5:25  Marine  
  32  5:27  SCV  
  34  5:32  Supply Depot  
  34  5:33  Supply Depot  
  34  5:39  Planetary Fortress  
  34  5:49  Marine x2  
  36  5:53  SCV  
  36  5:56  Factory Tech Lab  
  37  5:59  Factory Tech Lab  
  37  6:08  Supply Depot  
  37  6:09  Supply Depot  
  37  6:11  SCV  
  37  6:12  Armory  
  37  6:15  SCV  
  39  6:26  Siege Tank  
  39  6:27  SCV  
  43  6:35  Siege Tank  
  46  6:44  SCV  
  47  6:48  Sensor Tower  
  47  6:51  Refinery  
  47  6:55  Refinery  
  47  6:56  SCV  
  47  6:59  Terran Vehicle Weapons Level 1  
  48  7:02  SCV  
  49  7:08  SCV  
  49  7:12  Siege Tank  
  53  7:16  SCV  
  53  7:20  SCV  
  53  7:22  Supply Depot  
  55  7:29  SCV  
  56  7:33  SCV  
  56  7:34  Siege Tank  
  60  7:37  Terran Infantry Armor Level 1  
  60  7:39  Marine x2  
  60  7:41  SCV  
  63  7:45  SCV  
  64  7:57  SCV  
  66  8:18  SCV  
  66  8:21  Siege Tank  
  66  8:22  Sensor Tower  
  69  8:33  Siege Tank  
  69  8:34  Command Center  
  72  8:36  Refinery  
  72  8:37  Marine x3, Refinery  
  75  8:42  Sensor Tower  
  75  8:43  Supply Depot  
  75  8:45  Supply Depot  
  75  8:53  Terran Vehicle And Ship Armor Level 1, Siege Tank  
  78  8:59  Factory  
  78  9:05  Siege Tank  
  71  9:35  Siege Tank  
  71  9:36  Marine x5  
  71  9:37  Siege Tank  
  73  9:47  Factory Tech Lab  
  70  9:54  Marine x5  
  70  9:59  Missile Turret  
  72  10:03  Missile Turret  
  72  10:05  Siege Tank  
  75  10:07  Siege Tank  
  75  10:09  Siege Tank  
  75  10:11  Marine  
  75  10:12  Marine x4  
  85  10:25  Missile Turret  
  85  10:29  Marine x2  
  85  10:30  Marine  
  65  11:08  SCV  
  59  11:12  Siege Tank  
  59  11:13  Siege Tank x2  
  59  11:14  Marine x5  
  73  11:20  SCV  
  74  11:26  Terran Vehicle Weapons Level 2  
  74  11:31  Marine  
  74  11:32  Marine x3  
  78  11:33  SCV  
  79  11:45  Siege Tank, SCV  
  81  11:57  SCV  
  79  12:09  SCV, Refinery  
  79  12:13  Siege Tank x2  
  86  12:21  SCV  
  87  12:33  SCV  
  88  12:37  Refinery  
  88  12:39  Command Center  
  88  12:41  Command Center  
  88  12:43  Refinery  
  88  12:45  SCV, Refinery  
  88  12:46  SCV  
  90  12:52  Supply Depot x2  
  90  12:53  Terran Infantry Weapons Level 2  
  90  12:57  SCV  
  91  12:59  SCV  
  92  13:09  SCV  
  93  13:16  Sensor Tower  
  93  13:21  SCV  
  94  13:34  SCV  
  90  13:46  SCV  
  77  13:58  SCV  
  77  13:59  Thor  
  77  14:00  Thor  
  77  14:01  Terran Vehicle Weapons Level 3, Hellion  
  89  14:07  Supply Depot, SCV  
  89  14:09  Supply Depot  
  90  14:19  SCV  
  90  14:22  SCV  
  92  14:24  SCV, Refinery  
  92  14:29  Orbital Command  
  93  14:31  SCV  
  93  14:34  SCV  
  93  14:35  Refinery  
  93  14:36  SCV  
  96  14:44  SCV  
  97  14:46  SCV  
  97  14:48  SCV  
  99  14:59  SCV  
  100  15:07  Orbital Command  
  100  15:11  SCV  
  100  15:12  Thor x2  
  100  15:13  Marine  
  100  15:14  Marine  
  114  15:15  Terran Infantry Armor Level 2  
  114  15:18  SCV  
  116  15:23  Orbital Command  
  116  15:27  Thor  
  122  15:49  Marine x2  
  123  15:50  Marine  
  123  15:55  Thor x2  
  117  16:20  Thor  
  114  16:37  Thor  
  114  16:38  Thor  
  80  17:04  Siege Tank  
  64  17:21  Siege Tank x2  
Show
View Real Time Build Order
Export as new Build Order

Mondo Zerg 

Build Orders: Pool First 

Get SALT Encoding   

  12  0:03  Drone  
  13  0:13  Drone  
  14  0:18  Extractor  
  13  0:22  Drone  
  13  0:23  Extractor  
  13  0:24  Drone  
  15  0:31  Overlord  
  15  0:51  Spawning Pool  
  14  0:57  Drone x2  
  14  1:01  Drone  
  17  1:20  Drone x2  
  19  1:33  Drone  
  19  1:38  Queen  
  22  1:41  Metabolic Boost  
  22  1:46  Overlord  
  22  2:02  Spine Crawler  
  22  2:05  Drone x2  
  23  2:15  Spine Crawler  
  23  2:21  Zergling x2  
  23  2:42  Hatchery, Queen  
  24  2:55  Zergling x6  
  27  3:04  Zergling x6  
  30  3:16  Overlord  
  30  3:32  Overlord x3  
  30  3:40  Pneumatized Carapace  
  30  3:51  Drone x2  
  32  4:02  Drone x4  
  36  4:11  Zergling x2  
  36  4:12  Zergling x2  
  38  4:18  Drone  
  38  4:21  Drone  
  40  4:33  Zergling x8  
  40  4:34  Zergling x6  
  47  4:43  Zergling x4  
  49  4:54  Overlord  
  49  4:55  Overlord  
  49  5:04  Drone x2  
  49  5:05  Drone x4  
  51  5:08  Lair  
  46  5:28  Roach Warren  
  45  5:37  Drone  
  45  5:38  Hatchery, Drone x5  
  50  5:44  Extractor x2  
  50  5:49  Extractor, Queen  
  49  5:50  Drone  
  50  6:00  Drone x4  
  54  6:20  Roach x4  
  54  6:21  Roach x3  
  54  6:23  Glial Reconstitution  
  68  6:44  Roach x3  
  68  6:45  Roach x5  
  84  6:51  Burrow  
  84  6:59  Evolution Chamber x2  
  82  7:11  Roach x3  
  82  7:12  Roach  
  90  7:15  Overlord  
  90  7:16  Overlord  
  90  7:28  Zerg Missile Weapons Level 1, Zerg Ground Armor Level 1  
  90  7:50  Ravager  
  90  7:51  Ravager x5  
  94  7:52  Ravager x2  
  94  7:53  Hatchery  
  97  8:06  Overlord x2  
  97  8:07  Overlord x2  
  97  8:17  Overlord x2  
  97  8:20  Overseer x2  
  97  8:28  Tunneling Claws  
  97  8:34  Drone x3  
  98  8:37  Drone x2  
  98  8:39  Drone  
  103  8:42  Drone  
  104  8:55  Roach x3  
  110  8:56  Roach  
  112  9:04  Infestation Pit  
  112  9:07  Drone x3  
  112  9:09  Drone  
  115  9:16  Queen  
  117  9:35  Roach x4  
  117  9:36  Roach x3  
  117  9:37  Roach  
  126  9:49  Overseer  
  126  10:08  Roach x5  
  126  10:09  Roach x6  
  126  10:10  Roach x2  
  126  10:13  Roach  
  154  10:17  Zerg Missile Weapons Level 2  
  152  10:27  Spore Crawler  
  151  10:31  Spine Crawler  
  150  10:40  Roach x3  
  150  10:41  Roach x2  
  160  10:46  Overlord x2  
  160  10:47  Overlord  
  160  10:50  Overseer x3  
  160  11:12  Zergling x10  
  160  11:13  Zergling x10  
  160  11:14  Zergling x6  
  173  11:21  Ravager x4  
  173  11:22  Ravager x5  
  173  11:23  Ravager  
  183  11:38  Extractor x2  
  181  11:40  Zergling x2  
  181  11:41  Zergling x4  
  181  11:42  Overlord x3  
  87  12:49  Roach x2  
  87  12:50  Roach x6  
  87  12:51  Roach x5  
  78  12:52  Roach x5  
  78  12:53  Roach x5  
  97  13:13  Overseer  
  97  13:14  Overseer x7  
  97  13:47  Roach  
  97  13:48  Roach x6  
  111  14:12  Zergling x12  
  111  14:13  Zergling x8  
  111  14:14  Zergling x2  
  122  14:19  Zerg Melee Weapons Level 1  
  122  14:40  Hive  
  122  14:44  Zerg Ground Armor Level 2  
  122  14:52  Zergling x10  
  127  14:53  Zergling x6  
  130  15:19  Hatchery  
  129  15:38  Roach x2  
  129  15:39  Roach x5  
  129  15:40  Roach x4  
  151  15:54  Zergling x12  
  151  15:55  Zergling x2  
  158  16:03  Adrenal Glands  
  158  16:20  Roach x3  
  158  16:21  Roach x3  
  170  16:27  Zerg Melee Weapons Level 2  
  155  16:50  Roach x38  
  58  17:33  Roach x2  
  58  17:34  Roach x6  
  58  17:35  Roach x6  
  58  17:36  Roach x6  
  58  17:37  Roach x6  
  100  17:38  Roach x7  
  100  17:39  Roach  
  122  18:09  Zergling x4  
  122  18:10  Zergling x6  
  127  18:24  Overlord x4  
  127  18:25  Overlord x5  
  127  18:29  Zerg Missile Weapons Level 3  
  127  18:43  Zerg Ground Armor Level 3  
  127  18:49  Ravager x2  
  127  18:50  Ravager x4  
  127  18:51  Ravager x6  
  127  18:52  Ravager x7  
  127  18:53  Ravager x2  
  148  19:05  Roach x4  
  148  19:06  Zergling x10  
  148  19:07  Zergling x2  
  122  19:51  Roach x6  
  122  19:52  Roach x6  
  146  19:53  Roach x6  
  146  19:54  Roach x6  
  146  19:55  Roach  
  146  19:58  Ravager  
  146  19:59  Ravager x3  
  178  20:00  Ravager x3  
  116  20:36  Roach x10  
  83  21:09  Zergling x6  
  83  21:10  Zergling x12  
  83  21:11  Zergling x6  
  95  21:30  Zergling x10  
  56  22:13  Roach x3  
  56  22:14  Roach x6  
  56  22:15  Roach x5  
  82  22:16  Roach x7  
  82  22:17  Roach x5  
  82  22:18  Roach  
  108  22:30  Roach  
  108  22:31  Roach x3  
  118  22:44  Roach x4  
  118  22:45  Roach x2  
  128  23:02  Roach x3  
  128  23:03  Roach x7  
  128  23:04  Roach x4  
  156  23:09  Ravager x6  
  156  23:10  Ravager x6  
  156  23:11  Ravager x6  
  156  23:12  Ravager x3  
Show
View Real Time Build Order
Export as new Build Order

WeaponX Zerg 

Build Orders: Hatch First, Lurkers 

Get SALT Encoding   

  12  0:03  Drone  
  13  0:19  Drone  
  14  0:39  Hatchery  
  13  0:57  Spawning Pool  
  12  1:04  Extractor, Drone  
  12  1:05  Drone  
  12  1:10  Drone  
  14  1:24  Overlord  
  14  1:33  Overlord  
  14  1:43  Drone  
  15  1:57  Queen  
  17  2:04  Queen  
  19  2:15  Zergling x4  
  21  2:17  Drone  
  22  2:40  Drone x2  
  22  2:41  Overlord  
  24  2:51  Zergling x4  
  26  2:57  Metabolic Boost  
  26  3:00  Spore Crawler  
  26  3:01  Zergling x2  
  26  3:07  Zergling x2  
  27  3:18  Roach Warren  
  26  3:25  Zergling x4  
  28  3:37  Zergling x6  
  28  3:39  Drone  
  32  3:57  Lair  
  32  3:59  Drone  
  33  4:12  Spine Crawler  
  32  4:18  Extractor  
  30  4:39  Roach x5  
  30  4:40  Roach  
  42  4:52  Roach  
  34  5:10  Roach x2  
  34  5:13  Drone x3  
  41  5:25  Drone x2  
  43  5:32  Drone  
  43  5:35  Overlord  
  44  5:44  Spore Crawler  
  43  5:51  Overlord  
  43  5:55  Drone x2  
  43  5:56  Extractor  
  44  6:01  Drone  
  45  6:07  Glial Reconstitution  
  45  6:10  Drone  
  46  6:18  Drone  
  46  6:19  Drone  
  46  6:20  Drone  
  49  6:38  Pneumatized Carapace  
  49  6:49  Hatchery  
  49  6:52  Drone  
  49  6:55  Overseer  
  49  6:57  Drone  
  49  7:00  Drone  
  51  7:06  Drone  
  52  7:19  Evolution Chamber x2, Drone  
  52  7:20  Drone  
  52  7:22  Drone  
  53  7:25  Drone  
  54  7:33  Hydralisk Den, Drone  
  54  7:36  Drone  
  55  7:46  Drone x2  
  57  7:53  Zerg Missile Weapons Level 1  
  57  7:54  Spore Crawler  
  57  7:56  Drone x2  
  58  8:00  Overlord  
  58  8:08  Zerg Ground Armor Level 1  
  58  8:10  Hydralisk  
  58  8:12  Drone  
  61  8:15  Drone  
  62  8:24  Queen  
  64  8:29  Extractor  
  64  8:31  Spore Crawler  
  64  8:32  Hydralisk x2  
  66  8:43  Hydralisk x2  
  66  8:47  Muscular Augments  
  70  8:56  Drone  
  70  8:57  Drone  
  72  9:11  Drone x2  
  72  9:13  Overlord x2  
  62  9:38  Hydralisk x5, Roach  
  54  9:39  Roach x4  
  54  9:40  Roach  
  76  9:51  Zergling x2  
  76  9:52  Zergling x6  
  80  9:55  Zerg Missile Weapons Level 2  
  80  10:08  Hydralisk x2  
  80  10:09  Hydralisk, Roach x2  
  60  10:51  Roach x6  
  66  11:07  Hydralisk  
  66  11:08  Hydralisk x2, Roach x4  
  66  11:09  Roach  
  76  11:17  Overseer x2  
  76  11:20  Lurker Den  
  76  11:22  Hydralisk  
  76  11:23  Hydralisk x2  
  82  11:33  Spore Crawler, Spine Crawler  
  82  11:34  Hydralisk  
  82  11:35  Hydralisk x3  
  86  12:08  Hydralisk  
  86  12:09  Hydralisk  
  90  12:15  Zerg Ground Armor Level 2  
  74  13:02  Spire  
  73  13:06  Infestation Pit  
  73  13:11  Hydralisk x8  
  88  13:26  Extractor  
  88  13:27  Drone x3  
  89  13:28  Extractor  
  69  14:04  Hydralisk x4  
  69  14:05  Hydralisk x3  
  81  14:10  Overlord  
  81  14:11  Overlord x7  
  81  14:25  Lurker  
  81  14:31  Lurker x3  
  85  14:56  Hive  
  85  15:11  Roach x2, Corruptor x2  
  93  15:24  Hydralisk x2  
  93  15:25  Roach x4  
  93  15:26  Overlord x2, Roach  
  93  15:27  Zergling x10  
  112  15:46  Hatchery  
  109  16:20  Hydralisk  
  109  16:21  Hydralisk x5  
  118  16:46  Hydralisk x4, Roach x2  
  125  16:47  Roach x3  
  132  17:02  Hydralisk  
  132  17:03  Roach x2  
  132  17:04  Corruptor  
  130  17:14  Corruptor x4  
  132  17:20  Hydralisk x4  
  137  17:29  Overlord x3  
  133  17:40  Overlord x2  
  133  17:41  Overlord  
  133  17:59  Hydralisk  
  133  18:01  Hydralisk x7  
  93  18:42  Lurker x3  
  93  18:43  Lurker x5  
  74  19:19  Hydralisk  
  74  19:20  Hydralisk x7  
  74  19:21  Hydralisk  
  89  19:25  Hydralisk  
  89  19:26  Zergling x6  
  89  19:27  Zergling x2  
  95  19:36  Hydralisk  
  95  19:37  Hydralisk x2  
  99  19:47  Hydralisk x2  
  99  19:48  Hydralisk  
  105  20:21  Hydralisk x7  
  100  20:22  Hydralisk  
  100  20:23  Hydralisk  
  82  20:47  Corruptor x2  
  82  20:48  Corruptor  
  75  21:02  Hydralisk x3  
  78  21:13  Zergling x8  
  78  21:14  Zergling x8  
  86  21:40  Roach x5, Hydralisk x2  
  86  21:41  Hydralisk, Roach  
Tags
 
Add a new tag
Caveats
  • Supply blocks, unpowered buildings, or Contaminate may cause inaccurate times.
  • Supply counts are checked every 10 seconds.